[Event "120th Taflfelag Reykjavik-B 2020"]
[Site "Reykjavik"]
[Date "2020.10.02"]
[Round "9.6"]
[White "Mai, Alexander Oliver"]
[Black "Gudmundsson, Gunnar Erik"]
[Result "1-0"]
[ECO "B33"]
[WhiteElo "2055"]
[BlackElo "1801"]
[Annotator "ChessBase"]
[PlyCount "131"]
[EventDate "2020.09.13"]
[EventType "tourn"]
[EventCountry "ISL"]
[SourceTitle "playchess.com"]
[Source "ChessBase"]
[SourceQuality "1"]
[TimeControl "40/5400+15:1800+30"]

1. e4 c5 2. Nf3 Nc6 3. d4 cxd4 4. Nxd4 Nf6 5. Nc3 e5 6. Ndb5 d6 7. Bg5 a6 8. Na3 b5 9. Nd5 Be7 10. Bxf6 Bxf6 11. c3 Bg5 12. Nc2 Rb8 13. Be2 O-O 14. O-O Kh8 15. Qd3 f5 16. Bf3 g6 17. Rad1 Ne7 18. Nxe7 Bxe7 19. Nb4 Bb7 20. exf5 Bxf3 21. Qxf3 Rxf5 22. Qe4 Qb6 23. Qc6 Bf8 24. Qxb6 Rxb6 25. Nd5 Rb7 26. Rfe1 Kg7 27. Re4 a5 28. Kf1 h5 29. Ke2 g5 30. f3 Kg6 31. Rd3 Rbf7 32. Ne3 R5f6 33. Rd5 Rb7 34. b4 a4 35. c4 bxc4 36. Rxc4 Rf4 37. a3 Kf7 38. Ra5 Ke6 39. Rxa4 d5 40. Ra6+ Bd6 41. Rcc6 Rd7 42. g4 hxg4 43. fxg4 Re4 44. Kd3 Rd4+ 45. Kc2 Rf4 46. Nf5 Rxg4 47. Nxd6 Rg2+ 48. Kb3 Rxh2 49. Nb7+ Kf5 50. Rf6+ Kg4 51. Nc5 Rdh7 52. Rae6 Re2 53. Rd6 d4 54. a4 Rh3+ 55. Kc4 Rc3+ 56. Kb5 Ra3 57. a5 Kg3 58. a6 g4 59. Rd7 Rea2 60. Rf5 d3 61. Rxe5 Kf4 62. Red5 g3 63. Rd4+ Ke3 64. Rxd3+ Rxd3 65. Rxd3+ Kf2 66. Ne4+ 1-0

[Event "120th Taflfelag Reykjavik-B 2020"]
[Site "Reykjavik"]
[Date "2020.10.02"]
[Round "9.7"]
[White "Hardarson, Petur Palmi"]
[Black "Briem, Benedikt"]
[Result "1-0"]
[ECO "A96"]
[WhiteElo "2061"]
[BlackElo "1951"]
[Annotator "ChessBase"]
[PlyCount "55"]
[EventDate "2020.09.13"]
[EventType "tourn"]
[EventCountry "ISL"]
[SourceTitle "playchess.com"]
[Source "ChessBase"]
[SourceQuality "1"]
[TimeControl "40/5400+15:1800+30"]

1. d4 e6 2. c4 f5 3. Nf3 Nf6 4. g3 d6 5. Bg2 Be7 6. O-O O-O 7. b3 a5 8. Bb2 Qe8 9. Re1 Ne4 10. Nfd2 Nxd2 11. Nxd2 Nd7 12. e4 f4 13. Nf3 g5 14. e5 g4 15. Nd2 f3 16. Bf1 dxe5 17. dxe5 Rf5 18. h3 h5 19. Bd3 Rf8 20. Qc2 Kg7 21. Ne4 b6 22. Qc1 Rh8 23. Nf6 Qf7 24. Qg5+ Kf8 25. Be4 Rb8 26. Rad1 Nxf6 27. exf6 Bb4 28. Rd8+ 1-0

[Event "120th Taflfelag Reykjavik-B 2020"]
[Site "Reykjavik"]
[Date "2020.10.02"]
[Round "9.8"]
[White "Ragnarsson, Johann"]
[Black "Johannsson, Birkir Isak"]
[Result "0-1"]
[ECO "D00"]
[WhiteElo "1952"]
[BlackElo "2146"]
[Annotator "ChessBase"]
[PlyCount "104"]
[EventDate "2020.09.13"]
[EventType "tourn"]
[EventCountry "ISL"]
[SourceTitle "playchess.com"]
[Source "ChessBase"]
[SourceQuality "1"]
[TimeControl "40/5400+15:1800+30"]

1. c3 d5 2. d4 Nf6 3. Bg5 Nbd7 4. e3 g6 5. Bd3 Bg7 6. f4 c5 7. Nd2 b6 8. Ngf3 Bb7 9. Bxf6 Bxf6 10. Qe2 Bg7 11. Ng5 Nf6 12. Bb5+ Kf8 13. Bd3 Qd6 14. Ndf3 c4 15. Bc2 Bc6 16. Ne5 Be8 17. O-O-O h6 18. Nh3 b5 19. g4 Ne4 20. Qg2 f5 21. Rhg1 Rg8 22. gxf5 gxf5 23. Bxe4 dxe4 24. Nf2 Rb8 25. Qh3 e6 26. Ng6+ Bxg6 27. Rxg6 Qe7 28. Rdg1 Qf7 29. Qg2 b4 30. Nd1 a5 31. Qc2 Qd7 32. cxb4 axb4 33. Kd2 Rc8 34. Ke1 Qe7 35. Kf1 c3 36. R1g2 Kf7 37. Ke1 cxb2 38. Qb1 Qh4+ 39. R6g3 Bf6 40. Qxb2 Rxg3 41. Rxg3 Qh5 42. Qxb4 Rc1 43. Qd2 Rxd1+ 44. Qxd1 Qxh2 45. Qb3 Qxg3+ 46. Kd2 Qf2+ 47. Kc1 Qe1+ 48. Kc2 Qa5 49. Kb1 Be7 50. Qd1 Qb4+ 51. Ka1 Qc3+ 52. Kb1 Qd3+ 0-1

[Event "120th Taflfelag Reykjavik-B 2020"]
[Site "Reykjavik"]
[Date "2020.10.02"]
[Round "9.9"]
[White "Ptacnikova, Lenka"]
[Black "Olafsson, Thorvardur"]
[Result "1-0"]
[ECO "E05"]
[WhiteElo "2117"]
[BlackElo "2111"]
[Annotator "ChessBase"]
[PlyCount "61"]
[EventDate "2020.09.13"]
[EventType "tourn"]
[EventCountry "ISL"]
[SourceTitle "playchess.com"]
[Source "ChessBase"]
[SourceQuality "1"]
[TimeControl "40/5400+15:1800+30"]

1. Nf3 Nf6 2. c4 e6 3. g3 d5 4. d4 Be7 5. Bg2 O-O 6. O-O dxc4 7. Qc2 a6 8. Qxc4 b5 9. Qc2 Bb7 10. Nbd2 Nbd7 11. Nb3 Be4 12. Qd1 c5 13. Bd2 c4 14. Ba5 Qb8 15. Nbd2 Bd5 16. b3 cxb3 17. axb3 Qb7 18. Qb1 Rfc8 19. Re1 Ne4 20. Nxe4 Bxe4 21. Ng5 Bxb1 22. Bxb7 Bc2 23. Nf3 Bxb3 24. Bxa8 Rxa8 25. Rec1 Nf6 26. Rc7 Kf8 27. Ne5 Ke8 28. Rac1 Bd6 29. Rc8+ Rxc8 30. Rxc8+ Ke7 31. Bd8+ 1-0

[Event "120th Taflfelag Reykjavik-B 2020"]
[Site "Reykjavik"]
[Date "2020.10.02"]
[Round "9.10"]
[White "Heidarsson, Arnar Milutin"]
[Black "Jonsson, Gauti Pall"]
[Result "0-1"]
[ECO "E73"]
[WhiteElo "1965"]
[BlackElo "2046"]
[Annotator "ChessBase"]
[PlyCount "60"]
[EventDate "2020.09.13"]
[EventType "tourn"]
[EventCountry "ISL"]
[SourceTitle "playchess.com"]
[Source "ChessBase"]
[SourceQuality "1"]
[TimeControl "40/5400+15:1800+30"]

1. d4 Nf6 2. c4 g6 3. Nc3 Bg7 4. e4 d6 5. Be2 O-O 6. Be3 Na6 7. g4 c5 8. g5 Ng4 9. Bxg4 cxd4 10. Bxd4 Bxd4 11. Qxd4 Bxg4 12. f3 Bh5 13. Nd5 Nc7 14. Rc1 Nxd5 15. Qxd5 Qb6 16. Qd2 Rac8 17. Kf1 Qa6 18. b3 b5 19. cxb5 Rxc1+ 20. Qxc1 Qxa2 21. Qc3 Rb8 22. Qd3 Qa5 23. Kf2 Qxb5 24. Qxb5 Rxb5 25. Ne2 Rxb3 26. Rc1 Rxf3+ 27. Kg2 Rd3 28. Rc8+ Kg7 29. Nf4 Re3 30. Re8 e6 0-1